 Dungeon Crawl Stone Soup version 0.16-a0-421-gd787d97 (webtiles) character file.

2 Kashira the Scratcher (level 1, -2/9 HPs)
             Began as a Felid Transmuter on Sept 15, 2014.
             Slain by a giant newt (3 damage)
             ... on Level 1 of the Dungeon.
             The game lasted 00:01:57 (110 turns).

Kashira the Scratcher (Felid Transmuter)             Turns: 110, Time: 00:01:57

HP  -2/9         AC  1     Str  6      XL: 1   Next: 25%
MP   4/4         EV 18     Int 14      God:
Gold 0           SH  0     Dex 16      Spells:  1 memorised,  3 levels left
Lives: 0, deaths: 0

rFire  . . .     SeeInvis +       - Unarmed
rCold  . . .     Clarity  .     (armour unavailable)
rNeg   . . .     rCorr    .     (shield unavailable)
rPois  .         rRot     .     (helmet unavailable)
rElec  .         Spirit   .     (cloak unavailable)
SustAb .         Warding  .     (gloves unavailable)
rMut   .         Stasis   .     (boots unavailable)
Gourm  .                        (no amulet)
MR     .....                    (no ring)
                                (no ring)

@: exhausted, very slightly contaminated, quick, not resistant to hostile
enchantments, unstealthy
A: paw claws, no armour, no weapons or thrown items, fangs 3, see invisible,
carnivore 3, speed 1, shaggy fur 1, slow metabolism 1, jump 1
a: Jump Attack


You were on level 1 of the Dungeon.
You were not hungry.

You visited 1 branch of the dungeon, and saw 2 of its levels.

Inventory:

Missiles
 b - 12 arrows
Comestibles
 a - a meat ration
Scrolls
 c - 2 scrolls of identify {unknown}
Books
 d - a book of Changes

   Spells                             Type                      Level
   *Beastly Appendage                 Transmutation                1
   Sticks to Snakes                   Transmutation                2
   Spider Form                        Transmutation/Poison         3
   Ice Form                           Ice/Transmutation            4
   Blade Hands                        Transmutation                5


   Skills:
 + Level 1.0 Fighting
 + Level 2.6 Dodging
 + Level 3.0 Unarmed Combat
 + Level 2.1 Spellcasting
 + Level 2.1 Transmutations


You had 3 spell levels left.
You knew the following spells:

 Your Spells              Type           Power        Failure   Level  Hunger
a - Beastly Appendage     Trmt           #.....       12%         1    ##.....


Dungeon Overview and Level Annotations

Branches:
Dungeon (2/15)

Altars:
Ashenzari
Cheibriados
Elyvilon


Innate Abilities, Weirdness & Mutations

You cannot wear armour.
You are incapable of wielding weapons or throwing items.
Your paws have sharp claws.
You have razor-sharp teeth.
You have supernaturally acute eyesight.
You are carnivorous and can eat meat at any time.
You cover ground quickly.
You are covered in fur (AC +1).
You have a slow metabolism.
You can jump attack at a short distance.


Message History

You see here a black potion.
A hobgoblin comes into view. It is wielding a club.
You see here 4 gold pieces.
A kobold comes into view. It is wielding a club.
The kobold shouts!
The rat closely misses you.
The kobold throws a stone.
The stone closely misses you.
A giant newt comes into view.
The kobold throws a stone.
The stone misses you.
The kobold throws a stone.
The stone misses you.
You see here a stone.
You can't grasp things well enough to throw them.
The giant newt barely misses you.
You closely miss the giant newt. The giant newt bites you.
* * * LOW HITPOINT WARNING * * *
The ball python completely misses you. x2
A kobold comes into view. It is wielding a dagger.
You barely miss the giant newt. The ball python closely misses you.
The ball python completely misses you. The giant newt bites you.
You die...

# ..# ..# #..# #.#
#..# #.####.K# ###
#........ ... #..
....# #.# #. #.#
#.#.# #.# #.#
#.###r#.###.## # ..
#.l@Sr.l..K..##.## #.
#.###g(............
######.##.#
#.###....#.###
...l......###.#
#.#$##
###.....#....###.#.#
#....<.#....>r..!.#
#......#...?###.#.#
....##+###..........#
.## #........###


You could see a giant gecko, a hobgoblin, a ball python, a kobold, a giant newt
and 2 rats.

Vanquished Creatures
  A giant newt (D:2)
  A goblin (D:2)
  A rat (D:2)
3 creatures vanquished.

Notes
Turn   | Place    | Note
--------------------------------------------------------------
     0 | D:1      | Kashira, the Felid Transmuter, began the quest for the Orb.
     0 | D:1      | Reached XP level 1. HP: 9/9 MP: 4/4
    69 | D:2      | Found a shattered altar of Ashenzari.
    69 | D:2      | Found a snail-covered altar of Cheibriados.
    70 | D:2      | Found a white marble altar of Elyvilon.
   110 | D:1      | Slain by a giant newt

Action                   || total
-------------------------++-------
Melee: Unarmed           ||    10
 Cast: Beastly Appendage ||     1
 Abil: Jump Attack       ||     3
